 Dungeon Crawl Stone Soup version 0.31.0-4-g52a2dc7128 (webtiles) character file.

Game seed: 2190408363151783059

20475 Hopman the Fighter (level 12, -5/98 (112) HPs)
             Began as a Minotaur Fighter on Jan 23, 2024.
             Was a High Priest of Okawaru.
             Killed from afar by a laughing skull (25 damage)
             ... with a bolt of negative energy
             ... on level 13 of the Dungeon.
             The game lasted 00:31:28 (16134 turns).

Hopman the Fighter (Minotaur Fighter)              Turns: 16134, Time: 00:31:29

HP:   -5/98 (112)   AC: 22    Str: 31    XL:     12   Next: 45%
MP:   17/17         EV:  6    Int:  5    God:    Okawaru [*****.]
Gold: 207           SH: 16    Dex: 11    Spells: 11/11 levels left

rFire   . . .        a - +1 war axe
rCold   . . .        G - +0 tower shield
rNeg    . . .        N - +0 plate armour
rPois   +            (helmet restricted)
rElec   .            h - +2 cloak
rCorr   .            (no gloves)
SInv    .            g - +2 pair of boots {rampage}
Will    .....        p - amulet of the acrobat Stlth
                     c - ring "Doavala Siti" {Fly Str+4}
HPRegen 0.36/turn    R - ring "Bumop" {rPois Str+2}
MPRegen 0.15/turn

%: acrobat, rampage
@: flying, heavily drained
A: horns 2, retaliatory headbutt
a: Renounce Religion, Heroism, Finesse, Duel


You were on level 13 of the Dungeon.
You worshipped Okawaru.
Okawaru was extremely pleased with you.
You visited 2 branches of the dungeon, and saw 14 of its levels.
You also visited: Sewer and Bailey.

You collected 883 gold pieces.
You spent 676 gold pieces at shops.

Inventory:

Hand Weapons
 a - a +1 war axe (weapon)
 K - a +2 dire flail of pain
 P - a +3 flail
Missiles
 A - a throwing net
 O - 3 atropa-tipped darts
Armour
 g - a +2 pair of boots of rampaging (worn)
 h - a +2 cloak (worn)
 G - a +0 tower shield (worn)
 N - a +0 plate armour (worn)
Jewellery
 c - the ring "Doavala Siti" (left hand) {Fly Str+4}
   (You acquired it on level 1 of the Dungeon)

   [ring of flight]

   Str+4:     It affects your strength (+4).
   Fly:       It grants you flight.
 k - a ring of fire
 o - a ring of magical power
 p - an amulet of the acrobat (around neck)
 q - a ring of wizardry
 B - an amulet of magic regeneration
 E - a ring of poison resistance
 R - the ring "Bumop" (right hand) {rPois Str+2}
   (You found it on level 13 of the Dungeon)

   [ring of poison resistance]

   Str+2:     It affects your strength (+2).
   rPois:     It protects you from poison
Wands
 r - a wand of quicksilver (8)
 x - a wand of digging (5)
 y - a wand of flame (22)
 L - a wand of mindburst (5)
Scrolls
 b - a scroll of vulnerability {unknown}
 d - 5 scrolls of teleportation
 m - 2 scrolls of fear
 u - 3 scrolls of poison
 v - 10 scrolls of identify
 w - 4 scrolls of enchant weapon
 C - a scroll of summoning {unknown}
 D - 2 scrolls of revelation {unknown}
 F - 2 scrolls of amnesia {unknown}
 I - 2 scrolls of enchant armour {unknown}
 Q - a scroll of immolation
 T - a scroll of blinking {unknown}
Potions
 e - a potion of resistance {unknown}
 f - 7 potions of brilliance
 i - 4 potions of mutation
 j - 5 potions of might
 l - a potion of berserk rage {unknown}
 n - 3 potions of lignification {unknown}
 s - 4 potions of curing
 t - 8 potions of heal wounds {unknown}
 z - 4 potions of attraction {unknown}
 M - a potion of degeneration {unknown}
 S - a potion of haste
Miscellaneous
 J - a phial of floods


   Skills:
 * Level 12.2 Fighting
 * Level 11.9 Axes
 + Level 4.1 Throwing
 + Level 11.2 Armour
 + Level 11.1 Shields
 * Level 8.3 Invocations
 + Level 2.2 Evocations


You had 11 spell levels left.
You didn't know any spells.
Your spell library contained the following spells:

 Spells                   Type           Power      Damage    Failure   Level
 Apportation              Tloc           0%         N/A       100%        1
 Necrotise                Necr           0%         1d4       100%        1
 Sting                    Conj/Alch      0%         1d3       100%        1
 Dimensional Bullseye     Hex/Tloc       0%         N/A       100%        4
 Iskenderun's Mystic Bla  Conj/Tloc      0%         2d3       100%        4
 Passage of Golubria      Tloc           0%         N/A       100%        4
 Vhi's Electric Charge    Tloc/Air       0%         N/A       100%        4
 Arcjolt                  Conj/Air       0%         1d10      100%        5
 Lee's Rapid Deconstruct  Erth           0%         3d4*      100%        5
 Yara's Violent Unravell  Hex/Alch       0%         3d3       100%        5
 Plasma Beam              Fire/Air       0%         2x1d10    100%        6
 Summon Small Mammal      Summ           Unusable   N/A       N/A         1
 Tukima's Dance           Hex            Unusable   N/A       N/A         3
 Animate Armour           Summ/Erth      Unusable   N/A       N/A         4
 Summon Lightning Spire   Summ/Air       Unusable   N/A       N/A         4

Dungeon Overview and Level Annotations

Branches:
Dungeon (13/15)            Temple (1/1) D:4            Lair (0/5) D:8
    Orc (0/2) D:12          Sewer (visited)          Bailey (visited)
 Vaults: D:13-14

Altars:
Ashenzari
Cheibriados
Dithmenos
Elyvilon
Fedhas
Gozag
Hepliaklqana
Kikubaaqudgha
Makhleb
Nemelex Xobeh
Okawaru
Qazlal
Ru
Sif Muna
Trog
Uskayaw
Vehumet
Wu Jian
Xom
Yredelemnul
Zin
The Shining One

Shops:
D:1 ([?*(   D:6 :   D:12 *

Annotations:
D:7 3 runed translucent doors, Flesh177's ghost, novice DsGl
D:9 1 runed translucent door, koorschki's ghost, novice TrSh


Innate Abilities, Weirdness & Mutations

You have a pair of horns on your head.
You reflexively headbutt those who attack you in melee.


Message History

Your headbutt misses the laughing skull.
You block the laughing skull's attack.
The laughing skull headbutts you but does no damage.
You hit the laughing skull but do no damage.
Your headbutt misses the laughing skull.
You block the laughing skull's attack.
You miss the laughing skull. You block the laughing skull's attack.
The laughing skull gibbers with scorn.
The bolt of negative energy hits you!
You feel drained.
You slash the laughing skull!
The laughing skull is moderately damaged.
The laughing skull headbutts you. You block the laughing skull's attack.
You slash the laughing skull!
Your headbutt misses the laughing skull.
The laughing skull is heavily damaged.
The laughing skull headbutts you but does no damage.
You closely miss the laughing skull.
Your headbutt misses the laughing skull.
The laughing skull is heavily damaged.
The laughing skull barely misses you. You block the laughing skull's attack.
You closely miss the laughing skull.
Your headbutt misses the laughing skull.
The laughing skull is heavily damaged.
The laughing skull headbutts you.
You completely miss the laughing skull.
The laughing skull is heavily damaged.
You block the laughing skull's attack.
The laughing skull gibbers with scorn.
The bolt of negative energy hits you!!
You feel drained.
* * * LOW HITPOINT WARNING * * *
You closely miss the laughing skull. You headbutt the laughing skull.
The laughing skull is severely damaged.
You block the laughing skull's attack.
You miss the laughing skull.
The laughing skull is severely damaged.
You block the laughing skull's attack.
The laughing skull gibbers with scorn.
The bolt of negative energy hits you!!
You feel drained.
You die...
The laughing skull crumbles to pieces from sheer joy.

# ##. ....##############
.(..(.†........... ##
..(...............#####..
.......z@.........#......
...#######..(.....#......
.. #........#...... .
#........#......
#........#......
#........'......
#........####...
#...........#...
#.######....#...


You could see a laughing skull.

Vanquished Creatures
  A boulder beetle (D:13)
  3 two-headed ogres (D:10)
  An occultist (D:13)
  An orc knight (Bailey)
  An ugly thing (D:11)
  A deep elf pyromancer (D:11)
  A manticore (D:13)
  A cyclops (D:13)
  3 gargoyles
  A kobold demonologist (Arena)
  5 trolls
  A hornet (D:11)
  13 slime creatures
  A shadow (D:9)
  A wyvern (D:7)
  2 wraiths
  4 vampire mosquitoes (D:12)
  18 yaks
  Edmund (D:5)
  3 acid dragons
  16 orc warriors
  2 ice beasts
  A laughing skull (D:13)
  An ogre (D:6)
  8 centaurs
  A phantom (D:5)
  3 kobold brigands
  Blork the orc (D:6)
  3 gnoll sergeants
  7 bullfrogs
  5 scorpions
  12 wights
  8 howler monkeys
  4 hounds
  4 jellies
  9 orc priests
  A gnoll bouda (D:7)
  Ijyb (D:4)
  19 orc wizards
  2 sleepcaps (D:7)
  Natasha (thrice) (D:3)
  4 iguanas
  25 gnolls
  8 adders
  2 river rats (Sewer)
  A shadow imp (D:5)
  A white imp (D:7)
  6 ufetubi
  3 dart slugs
  4 ribbon worms
  81 orcs
  15 endoplasms
  7 giant cockroaches
  15 goblins
  7 hobgoblins
  3 jackals (D:2)
  7 quokkas
  17 ball pythons
  3 bats
  5 frilled lizards
  21 kobolds
  4 rats
413 creatures vanquished.

Vanquished Creatures (others)
  2 orc wizards
2 creatures vanquished.

Grand Total: 415 creatures vanquished

Notes
Turn   | Place    | Note
-------+----------+-------------------------------------------
     0 | D:1      | Hopman the Minotaur Fighter began the quest for the Orb.
     0 | D:1      | Reached XP level 1. HP: 19/19 MP: 0/0
   128 | D:1      | Reached XP level 2. HP: 24/27 MP: 1/1
   356 | D:1      | Found Igingul's General Store.
   390 | D:1      | Found Meahah's Magic Scroll Shoppe.
   465 | D:1      | Found Hisch's Weapon Boutique.
   731 | D:1      | Found Ewke Pop's Armour Emporium.
   776 | D:1      | Found Mattuys's Weapon Boutique.
   986 | D:2      | Reached skill level 4 in Fighting
  1031 | D:2      | Reached XP level 3. HP: 32/33 MP: 2/2
  1695 | D:3      | Reached XP level 4. HP: 32/41 MP: 3/3
  2066 | D:3      | Reached XP level 5. HP: 4/47 MP: 4/4
  2230 | D:3      | Noticed Natasha
  2241 | D:3      | Killed Natasha
  2465 | D:3      | Noticed Natasha
  2474 | D:3      | Killed Natasha
  2475 | D:3      | Reached skill level 5 in Fighting
  2475 | D:3      | Reached skill level 5 in Armour
  2475 | D:3      | Reached skill level 5 in Shields
  2564 | D:3      | Noticed Natasha
  2578 | D:3      | Killed Natasha
  2734 | D:4      | Reached XP level 6. HP: 56/56 MP: 5/5
  2960 | D:4      | Found a staircase to the Ecumenical Temple.
  2980 | Temple   | Entered the Ecumenical Temple
  2988 | Temple   | Became a worshipper of Warmaster Okawaru
  3398 | D:4      | Noticed Ijyb
  3415 | D:4      | Killed Ijyb
  3458 | D:4      | Found an ornate altar of the Wu Jian Council.
  3559 | D:4      | Reached skill level 5 in Axes
  3559 | D:4      | Reached XP level 7. HP: 62/62 MP: 6/6
  3600 | D:4      | Noticed Edmund
  4025 | D:5      | Entered Level 5 of the Dungeon
  4039 | D:5      | Killed Edmund
  4039 | D:5      | HP: 1/62 [gnoll/+0 spear (8)]
  4040 | D:5      | Reached skill level 6 in Fighting
  4292 | D:5      | Reached * piety under Okawaru
  4720 | D:5      | Found a glowing drain.
  4734 | Sewer    | Entered a sewer
  4878 | Sewer    | Found a viscous altar of Jiyva.
  5031 | D:5      | Reached XP level 8. HP: 71/71 MP: 7/7
  5136 | D:5      | Reached ** piety under Okawaru
  5749 | D:6      | Noticed Blork the orc
  5749 | D:6      | Found Cerah's Book Shop.
  5753 | D:5      | Reached skill level 7 in Fighting
  5763 | D:6      | Found a burning altar of Makhleb.
  5763 | D:6      | Found a blossoming altar of Fedhas.
  5815 | D:6      | Killed Blork the orc
  5847 | D:5      | Reached skill level 1 in Invocations
  6445 | D:6      | Reached XP level 9. HP: 73/80 MP: 9/9
  6788 | D:7      | Reached skill level 8 in Fighting
  6933 | D:7      | Found a flagged portal.
  6941 | Bailey   | Entered a bailey
  6963 | Bailey   | Reached *** piety under Okawaru
  7530 | Bailey   | Reached **** piety under Okawaru
  7693 | Bailey   | Noticed an orc knight
  7702 | Bailey   | Killed an orc knight
  7703 | Bailey   | Reached skill level 9 in Fighting
  7703 | Bailey   | Reached XP level 10. HP: 80/91 MP: 12/12
  8078 | D:7      | Found a hazy altar of Hepliaklqana.
  8340 | D:7      | Found a runed translucent gate.
  8341 | D:7      | Found a runed translucent gate.
  8342 | D:7      | Found a runed translucent gate.
  8342 | D:7      | Noticed Flesh177's ghost (novice DsGl)
  8771 | D:8      | Found a sparkling altar of Nemelex Xobeh.
  8796 | D:8      | Found a staircase to the Lair.
  9045 | D:8      | Reached ***** piety under Okawaru
  9057 | D:8      | Reached skill level 5 in Invocations
  9971 | D:9      | Received a gift from Okawaru
 10116 | D:9      | Reached skill level 10 in Fighting
 10123 | D:9      | Reached skill level 10 in Shields
 10131 | D:9      | Reached skill level 10 in Armour
 10247 | D:9      | Found a runed translucent door.
 10247 | D:9      | Noticed koorschki's ghost (novice TrSh)
 10455 | D:9      | Reached skill level 1 in Throwing
 10850 | D:10     | Entered Level 10 of the Dungeon
 10966 | Arena    | Entered the Arena
 10974 | Arena    | Noticed a soul eater
 10975 | Arena    | Reached XP level 11. HP: 95/100 MP: 7/14
 11092 | D:10     | Noticed a two-headed ogre
 11098 | D:10     | Killed a two-headed ogre
 11099 | D:10     | Reached skill level 10 in Axes
 11585 | D:10     | Noticed a two-headed ogre
 11585 | D:10     | Noticed a two-headed ogre
 11596 | D:10     | Killed a two-headed ogre
 11602 | D:10     | Killed a two-headed ogre
 11846 | D:10     | Found a broken altar of Ashenzari.
 12496 | D:11     | Paralysed by a hornet for 3 turns
 12744 | D:11     | Reached skill level 11 in Fighting
 13265 | D:12     | Noticed a brown ugly thing
 13518 | D:12     | Found Ujutaon's General Store.
 13590 | D:11     | Killed a brown ugly thing
 13617 | D:12     | Reached skill level 1 in Evocations
 13901 | D:1      | Bought a scroll of acquirement for 676 gold pieces
 13901 | D:1      | Acquired the ring "Doavala Siti" {Fly Str+4}
 14322 | D:12     | Received a gift from Okawaru
 14421 | D:12     | Reached XP level 12. HP: 87/110 MP: 8/16
 14673 | D:12     | Found a staircase to the Orcish Mines.
 15339 | D:12     | Reached skill level 12 in Fighting
 15651 | D:13     | Identified the ring "Bumop" {rPois Str+2}
 16021 | D:13     | Noticed a boulder beetle
 16051 | D:13     | Killed a boulder beetle
 16134 | D:13     | Killed from afar by a laughing skull

Illustrated notes

Levels and vault maps discovered:
D:1:      dpeg_arrival_central, layout_basic, serial_shops,
          nicolae_shop_waterfront, nicolae_shop_tiny_statue_garden, shop,
          nicolae_shop_advertising_works [nicolae_subvault_shop_adworks],
          nicolae_shop_pleasant_corner_grove, minmay_stone_trees_medium
D:2:      layout_basic, chequers_mini_garden
D:3:      layout_loops_ring, uniq_natasha
D:4:      layout_loops_ring, lemuel_doored_altar, temple_fountains,
          minivault_25, dk_vineyard_2, uniq_ijyb, uniq_edmund
D:5:      layout_loops_ring, gup_sewer_entry_pipe, nrook_uturn,
          chequers_serial_rivers_micro_c
D:6:      layout_rooms, mainiacjoe_overflow_catwalk_spiral,
          nicolae_ossuary_entry_ruins, serial_shops, nicolae_book_shop_shelving,
          minmay_misc_feat_diagonals, glass_columns_c, feat_on_display,
          uniq_blork_the_orc
D:7:      layout_basic, nicolae_hepliaklqana_hazy_memory, enter_bailey_3,
          gammafunk_ghost_nasty_kobolds
D:8:      nicolae_BIG_FREAKIN_CUBE, layout_basic, mainiacjoe_overflow_boulevard,
          dk_rats_in_the_wall
D:9:      layout_basic, ebering_ghost_inner_flame
D:10:     layout_basic, general_overflow_altar, chequers_serial_rivers_marsh
D:11:     layout_loops_ring
D:12:     layout_layer_cave, hiddenorc2_lemuel, serial_shops, shop
D:13:     layout_irregular_city
Temple:   nicolae_temple_x_marks_the_god

Skill      XL: |  1  2  3  4  5  6  7  8  9 10 11 12 |
---------------+-------------------------------------+-----
Fighting       | 4 5 6 7 9 10 11 12 | 12.2
Armour         | 4 5 6 7 9 10 11 | 11.2
Shields        | 4 5 6 7 9 10 11 | 11.1
Axes           | 3 4 5 6 7 8 9 11 | 11.9
Invocations    | 2 4 5 7 8 |  8.3
Throwing       | 1 3 4 |  4.1
Evocations     | 1 2 |  2.2

Action                     |  1- 3 |  4- 6 |  7- 9 | 10-12 || total
---------------------------+-------+-------+-------+-------++-------
  Melee: War axe           |    78 |   110 |   360 |   570 ||  1118
         Headbutt          |    11 |    13 |    67 |   131 ||   222
  Throw: Javelin           |       |       |       |    35 ||    35
 Invoke: Heroism           |       |       |     4 |     7 ||    11
         Duel              |       |       |       |     1 ||     1
         Finesse           |       |       |       |     5 ||     5
    Use: Potion            |       |     1 |     4 |       ||     5
         Scroll            |       |       |     9 |     1 ||    10
 Armour: Scale mail        |    58 |    89 |   371 |   175 ||   693
         Plate armour      |       |       |       |   167 ||   167
  Dodge: Dodged            |    42 |    49 |   300 |   155 ||   546
  Block: Buckler           |    23 |    30 |   132 |    40 ||   225
         Tower shield      |       |       |       |   402 ||   402
